 Dungeon Crawl Stone Soup version 0.30-a0-782-ge64f9170bb (webtiles) character file.

Game seed: 8447570436609278416

77 mopl the Stinger (level 4, -5/30 HPs)
             Began as a Formicid Venom Mage on Mar 7, 2023.
             Killed by divine providence
             ... invoked by an orc priest
              (16 damage)
             ... on level 2 of the Dungeon.
             The game lasted 00:01:56 (1207 turns).

mopl the Stinger (Formicid Venom Mage)              Turns: 1207, Time: 00:01:56

Health: -5/30      AC:  2    Str: 13    XL:     4   Next: 58%
Magic:  8/8        EV: 12    Int: 16    God:
Gold:   103        SH:  0    Dex: 14    Spells: 8/9 levels left

rFire   . . .      SeeInvis +    o - +0 dagger (venom)
rCold   . . .      Faith    .    (no shield)
rNeg    . . .      Spirit   .    a - +0 robe
rPois   .          Reflect  .    (helmet unavailable)
rElec   .          Harm     .    (no cloak)
rCorr   .          Rampage  .    (no gloves)
Will    .....                    (no boots)
Stlth   ++                       (no amulet)
HPRegen 0.25/turn                (no ring)
MPRegen 0.11/turn                (no ring)

@: no status effects
A: permanent stasis, dig shafts and tunnels, antennae 3, four strong arms
a: Dig, Shaft Self


You were on level 2 of the Dungeon.
You visited 1 branch of the dungeon, and saw 2 of its levels.

You collected 103 gold pieces.

Inventory:

Hand Weapons
 o - a +0 dagger of venom (weapon)
Armour
 a - a +0 robe (worn)
Scrolls
 c - 3 scrolls of immolation {unknown}
 d - 2 scrolls of magic mapping {unknown}
 h - 2 scrolls of identify {unknown}
 k - a scroll of fear {unknown}
 m - a scroll of poison {unknown}
 p - 2 scrolls of silence {unknown}
 q - a scroll of vulnerability {unknown}
Potions
 b - a potion of magic
 e - 2 potions of cancellation {unknown}
 f - 4 potions of curing {unknown}
 g - a potion of degeneration {unknown}
 i - a potion of ambrosia {unknown}
 j - a potion of resistance {unknown}
 l - a potion of invisibility {unknown}
 n - 2 potions of haste {unknown}
 r - a potion of heal wounds {unknown}


   Skills:
 - Level 1.7 Dodging
 - Level 2.4 Stealth
 - Level 3.0 Spellcasting
 - Level 1.1 Transmutations
 + Level 6.1 Poison Magic


You had 8 spell levels left.
You knew the following spells:

 Your Spells              Type           Power      Damage    Failure   Level
a - Sting                 Tmut/Pois      52%        1d5       4%          1

Your spell library contained the following spells:

 Spells                   Type           Power      Damage    Failure   Level
 Poisonous Vapours        Pois/Air       24%        N/A       9%          2
 Olgreb's Toxic Radiance  Pois           22%        N/A       16%         4
 Magic Dart               Conj           8%         1d3       19%         1
 Mephitic Cloud           Conj/Pois/Air  8%         N/A       24%         3
 Call Imp                 Summ           2%         N/A       28%         2


Dungeon Overview and Level Annotations

Branches:
Dungeon (2/15)

Altars:


Innate Abilities, Weirdness & Mutations

You cannot be hasted, slowed, berserked, paralysed or teleported.
You can dig through walls and to a lower floor.
You have a pair of large antennae on your head. (SInv)
Your four strong arms can wield two-handed weapons with a shield.


Message History

Your Poison Magic skill increases to level 6!
You hit the orc.
The orc is poisoned.
The orc is moderately wounded.
The orc closely misses you.
You hit the orc.
You kill the orc!
The orc priest looks encouraged for a moment.
You hit the orc.
The orc is poisoned.
The orc is lightly wounded.
The orc closely misses you.
You hit the orc.
The orc is heavily wounded.
The orc misses you.
You completely miss the orc.
The orc is heavily wounded.
The orc hits you with a +0 club.
You hit the orc but do no damage.
The orc looks as sick as possible!
The orc is almost dead.
You kill the orc!
You barely miss the orc priest.
The orc priest hits you with a +0 hand axe.
You completely miss the orc priest. The orc priest closely misses you.
You completely miss the orc priest.
The orc priest hits you with a +0 hand axe.
You hit the orc priest.
The orc priest is poisoned.
The orc priest is lightly wounded.
The orc priest hits you with a +0 hand axe.
You hit the orc priest.
The orc priest looks as sick as possible!
The orc priest is moderately wounded.
The orc priest hits you with a +0 hand axe!
You barely miss the orc priest.
The orc priest is moderately wounded.
The orc priest looks braver for a moment.
You hit the orc priest.
The orc priest is almost dead.
The orc priest invokes the aid of Beogh against you.
Beogh smites you!
Ouch! That really hurt!
You die...

#.# #.# #.# #.# #.# #.#
#.# ##
#.###################
.###
#.........@o.........
...##
#.##########.#######.
....###.# #'# #...†.#.#
#..)...o...{..#
##..†...##
#..o..........#
###.....#
#...$.........#
####...###......#......#
#........#....## ##....#
#........#.... ....#


You could see an orc priest (extremely poisoned).

Vanquished Creatures
  An orc wizard (D:2)
  4 dart slugs
  2 orcs (D:2)
  4 ball pythons
  A bat (D:1)
  3 endoplasms
  A giant cockroach (D:2)
  12 jackals (D:2)
  A quokka (D:1)
  3 frilled lizards (D:1)
  4 kobolds
  A rat (D:2)
37 creatures vanquished.

Notes
Turn   | Place    | Note
-------+----------+-------------------------------------------
     0 | D:1      | mopl the Formicid Venom Mage began the quest for the Orb.
     0 | D:1      | Reached XP level 1. HP: 13/13 MP: 3/3
   286 | D:1      | Reached XP level 2. HP: 19/19 MP: 0/5
   483 | D:1      | Reached XP level 3. HP: 24/24 MP: 5/7
   830 | D:2      | Reached skill level 3 in Spellcasting
   964 | D:2      | Reached skill level 5 in Poison Magic
  1192 | D:2      | Reached XP level 4. HP: 25/30 MP: 8/8
  1195 | D:2      | Reached skill level 6 in Poison Magic
  1207 | D:2      | Killed from afar by an orc priest

Illustrated notes

Levels and vault maps discovered:
D:1:      dpeg_arrival_arbitrary_a, layout_loops_cross
D:2:      layout_rooms, kennysheep_generic_room_2

Skill      XL: |  1  2  3  4 |
---------------+-------------+-----
Spellcasting   | 3 |  3.0
Poison Magic   | 5 6 |  6.1
Dodging        | |  1.7
Stealth        | |  2.4
Transmutations | |  1.1

Action                     |  1- 3 |  4- 6 || total
---------------------------+-------+-------++-------
  Melee: Unarmed           |    47 |       ||    47
         Dagger            |    26 |    16 ||    42
         Punch             |     2 |       ||     2
   Cast: Sting             |    41 |       ||    41
 Armour: Robe              |    23 |       ||    23
  Dodge: Dodged            |    60 |     5 ||    65

Table legend: (Time is in decaauts)
 A = Elapsed time spent in this place.
 B = Non-inter-level travel time spent in this place.
 C = Inter-level travel time spent in this place.
 D = Time resting spent in this place.
 E = Time spent auto-exploring this place.
 F = Levels seen in this place.
 G = Mean time per level.
                   A        B        C        D        E       F      G
               +--------+--------+--------+--------+--------+-----+--------+
         Total |   1206 |   1170 |     36 |    110 |    795 |   2 |  603.0 |
       Dungeon |   1206 |   1170 |     36 |    110 |    795 |   2 |  603.0 |
               +--------+--------+--------+--------+--------+-----+--------+

Top non-repeatable levels by time:
     D:1: 795 daAuts
     D:2: 411 daAuts
